 Dungeon Crawl Stone Soup version 0.30-a0-311-gf115ab0292 (webtiles) character file.

Game seed: 6380746475964570784

274 ytrimaz the Stinger (level 6, -11/38 HPs)
             Began as an Octopode Transmuter on Oct 25, 2022.
             Mangled by an ogre
             ... wielding a +0 giant club
              (35 damage)
             ... on level 4 of the Dungeon.
             The game lasted 00:04:24 (3023 turns).

ytrimaz the Stinger (Octopode Transmuter)           Turns: 3023, Time: 00:04:24

Health: -11/38     AC:  2    Str:  9    XL:     6   Next: 24%
Magic:  6/9        EV: 19    Int: 18    God:
Gold:   169        SH:  0    Dex: 17    Spells: 4/9 levels left

rFire   . . .      SeeInvis .      - Unarmed
rCold   . . .      Faith    .    (shield currently unavailable)
rNeg    . . .      Spirit   .    (helmet currently unavailable)
rPois   x          Reflect  .    n - amulet of the acrobat
rElec   .          Harm     .    d - ring of flight
rCorr   .          Rampage  .    (no ring)
Will    .....                    (no ring)
Stlth   ++........               (no ring)
HPRegen 0.26/turn                (no ring)
MPRegen 0.11/turn                (no ring)
                                 (no ring)
                                 (no ring)

@: spider-form (expiring), flying
A: venomous fangs, almost no armour, (amphibious), 8 rings, tiny, (camouflage
1), (gelatinous body 1), (nimble swimmer 1), (tentacles)
a: End Transformation


You were on level 4 of the Dungeon.
You were a venomous arachnid creature.
You visited 1 branch of the dungeon, and saw 4 of its levels.

You collected 169 gold pieces.


Innate Abilities, Weirdness & Mutations

You are a venomous arachnid creature.
You have poisonous fangs.
You are tiny and dextrous.
Your spellcasting is less reliable in this form.
Your armour is entirely melded.
You are incapable of wielding weapons or throwing items.
You cannot wear most types of armour.
((You are amphibious.))
You can wear up to eight rings at the same time.
((Your skin changes colour to match your surroundings (Stealth+).))
((Your rubbery body absorbs attacks. (AC +1, EV +1)))
((You are camouflaged when in or above water. (Stealth+)))
((You have tentacles for arms and can constrict up to eight enemies at once.))


   Skills:
 - Level 1.0 Fighting
 - Level 2.0 Dodging
 - Level 3.0 Unarmed Combat
 - Level 2.0 Spellcasting
 + Level 3.2 Transmutations
 - Level 4.0 Ice Magic
 - Level 4.0 Poison Magic


You had 4 spell levels left.
You knew the following spells:

 Your Spells              Type           Power      Damage    Failure   Level
b - Wereblood             Tmut           13%        N/A       21%         2
c - Spider Form           Tmut/Pois      14%        N/A       28%         3

Your spell library contained the following spells:

 Spells                   Type           Power      Damage    Failure   Level
 Beastly Appendage        Tmut           26%        N/A       14%         1
 Shock                    Conj/Air       4%         1d3       38%         1
 Ice Form                 Ice/Tmut       14%        N/A       61%         4
 Swiftness                Air            1%         N/A       69%         3
 Airstrike                Air            0%         2d(1-17)  96%         4

Inventory:

Jewellery
 d - a ring of flight (left front leg)
   (You found it on level 2 of the Dungeon)
 h - an amulet of guardian spirit
   (You found it on level 2 of the Dungeon)
 n - an amulet of the acrobat (around neck)
   (You found it on level 3 of the Dungeon)
Scrolls
 l - a scroll of noise
Potions
 a - a potion of lignification
 b - a potion of haste {unknown}
 c - 2 potions of degeneration {unknown}
 e - a potion of attraction {unknown}
 f - a potion of invisibility {unknown}
 j - a potion of ambrosia {unknown}
 k - a potion of magic {unknown}
 m - 3 potions of mutation {unknown}

Dungeon Overview and Level Annotations

Branches:
Dungeon (4/15) Zot: 20987
 Temple: D:4-7

Altars:
Zin

#.#.# #....#...# ##.....# #.#.#
#....#...# ###...# #.#)#
#...##..## ####.# #
#.#.###.####..# ####....# ..#
#.#..........####.......#...#
#..†........###.............#
.##.#.......####......)...#...#
.##.#....####
#..####)###.###..# .##.#.####
##.s##...# #.# ..# .##.#..
#..O#.O..# #.# .# .##.#..
#...#....# #.# . .##.#...
#.......?# ..# ..#.#.##
#.!..###### .# ....# #....#
....# #....# ..).# .......
<...## ##################


You could see an ogre (extremely poisoned).


Message History

No target in view!
An ufetubus and an endoplasm come into view.
The ufetubus shouts!
You see here a +0 club.
There are monsters nearby!
There are monsters nearby!
You barely miss the ufetubus.
The endoplasm quivers.
Your grab misses the ufetubus. The ufetubus barely misses you.
The ufetubus hits you. 😕 HP[-4]
You take 4 damage, and now have 34/38 hp.
You tentacle-slap the ufetubus but do no damage.
You grab the ufetubus. You constrict the ufetubus.
The ufetubus hits you but does no damage.
The ufetubus barely misses you. The ufetubus closely misses you.
The ufetubus misses you.
You tentacle-slap the ufetubus.
You constrict the ufetubus, but do no damage.
The ufetubus hits you. x2 😮 HP[-8]
You take 8 damage, and now have 26/38 hp.
MASSIVE DAMAGE!! (PAUSE)
You tentacle-slap the ufetubus. You constrict the ufetubus.
You kill the ufetubus!
The endoplasm hits you. 😮 HP[-2]
You take 2 damage, and now have 24/38 hp.
You are too injured to fight recklessly!
Unknown command.
You are too injured to fight recklessly!
You are too injured to fight recklessly!
You completely miss the endoplasm.
The endoplasm hits you but does no damage. 😮 HP[+1] Unknown command.
You barely miss the endoplasm. The orc hits you with a +0 war axe.
The endoplasm freezes you.
You are frozen.
* * * LOW HITPOINT WARNING * * *
😨 HP[-9]
You take 9 damage, and now have 16/38 hp.
MASSIVE DAMAGE!! (PAUSE)
Casting: Wereblood (safe; 8% risk of failure)
Confirm with . or Enter, or press ? or * to list all spells.
You turn into a venomous arachnid creature.
The orc misses you. The endoplasm freezes you.
You are frozen.
* * * LOW HITPOINT WARNING * * *
😨 HP[-1] MP[-3]
You take 1 damage, and now have 15/38 hp.
You lost 3 mp, and now have 6/9 mp.
Unknown command.
You hit the endoplasm.
You kill the endoplasm!
The orc closely misses you. The orc attacks as you move away!
The orc hits you with a +0 war axe.
* * * LOW HITPOINT WARNING * * *
😨 HP[-2]
You take 2 damage, and now have 13/38 hp.
Unknown command.
You hit the orc but do no damage.
The orc is poisoned.
The orc misses you.
You hit the orc.
The orc looks as sick as possible!
The orc misses you.
You hit the orc.
You kill the orc!
Unknown command.
Your transformation is almost over.
Your transformation has ended. 😨 HP[+5] MP[+2]
You regained 5 hp, and now have 18/38 hp.
You regained 2 mp, and now have 8/9 mp.
An ogre comes into view.
It is wielding a +0 giant club. 😮 HP[+3] MP[+1]
You regained 3 hp, and now have 21/38 hp.
Your mp is fully restored (9).
An ogre is nearby!
Unknown command.
An ogre is nearby!
Things that are here:
a +0 war axe; 10 gold pieces The ogre shouts!
You hear a shout!
Okay, then. 😮 HP[+1] 😮 HP[+1]
You see here a +0 pair of boots.
Casting: Spider Form (dangerous; 12% risk of failure)
Confirm with . or Enter, or press ? or * to list all spells.
You turn into a venomous arachnid creature.
Your transformation is almost over. 😮 MP[-3]
You lost 3 mp, and now have 6/9 mp.
You hit the ogre.
The ogre is poisoned.
The ogre closely misses you. 😮 HP[+1]
You hit the ogre.
The ogre looks as sick as possible!
Unknown command.
You hit the ogre but do no damage.
The ogre looks as sick as possible!
The ogre hits you with a +0 giant club!!
Ouch! That really hurt!
You die...

Skill      XL: |  1  2  3  4  5 |
---------------+----------------+-----
Poison Magic   | 1 3 4 |  4.0
Ice Magic      | 2 4 |  4.0
Transmutations | 3 |  3.2
Fighting       | |  1.0
Dodging        | |  2.0
Unarmed Combat | |  3.0
Spellcasting   | |  2.0

Action                   |  1- 3 |  4- 6 || total
-------------------------+-------+-------++-------
Melee: Unarmed           |    99 |   101 ||   200
       Constrict         |    22 |    14 ||    36
       Tentacles         |    21 |     6 ||    27
       Kick              |     2 |     4 ||     6
       Punch             |     1 |     2 ||     3
 Cast: Beastly Appendage |     4 |     2 ||     6
       Spider Form       |       |     6 ||     6
  Use: Scroll            |       |     6 ||     6
 Stab: Sleeping          |    10 |     3 ||    13
Armor: Skin              |    14 |     4 ||    18
Dodge: Dodged            |    69 |    71 ||   140

Levels and vault maps discovered:
D:1:      lightli_arrival_maybe_door_vault, layout_loops_corners, serial_forest,
          infiniplex_forest_lined_3_way, infiniplex_forest_end_3,
          infiniplex_forest_lined_3, infiniplex_forest_lined_corner,
          infiniplex_forest_end_1, infiniplex_forest_clump_small,
          infiniplex_forest_lined_2, minmay_distorted
D:2:      layout_rooms, serial_curves, eino_curves_04, eino_curves_03
D:3:      layout_basic, mainiacjoe_overflow_tiny_flanked,
          shapermc_ecumenical_altar_pompeii, nicolae_kite_square_tiling_tiny
D:4:      minmay_recursive_quarters, layout_rooms, uniq_ijyb,
          uniq_blork_the_orc, uniq_pikel

Notes
Turn   | Place    | Note
-------+----------+-------------------------------------------
     0 | D:1      | ytrimaz the Octopode Transmuter began the quest for the
                  | Orb.
     0 | D:1      | Reached XP level 1. HP: 13/13 MP: 3/3
     0 | D:1      | magus.rc [v1.9.6]
    46 | D:1      | Reached skill level 1 in Poison Magic
    78 | D:1      | Reached XP level 2. HP: 18/18 MP: 5/5
   153 | D:1      | Reached skill level 2 in Poison Magic
   351 | D:1      | HP: 2/18 [dart slug/slug dart (5)]
   602 | D:1      | Reached skill level 3 in Poison Magic
   602 | D:1      | Reached XP level 3. HP: 17/23 MP: 6/6
   611 | D:1      | Learned a level 2 spell: Wereblood
   615 | D:1      | Learned a level 3 spell: Spider Form
  1389 | D:2      | Reached skill level 4 in Poison Magic
  1559 | D:2      | Reached XP level 4. HP: 28/28 MP: 5/7
  1618 | D:2      | Reached skill level 1 in Ice Magic
  1716 | D:2      | You pick up a book of Air and begin reading...
  1716 | D:2      | You add the spells Shock, Swiftness and Airstrike to your
                  | library.
  2097 | D:3      | Reached skill level 2 in Ice Magic
  2162 | D:3      | Reached XP level 5. HP: 33/33 MP: 4/8
  2234 | D:3      | Reached skill level 3 in Ice Magic
  2244 | D:3      | HP: 4/33 [gnoll/+0 whip (6)]
  2521 | D:3      | Found a glowing silver altar of Zin.
  2720 | D:3      | Found a faded altar of an unknown god.
  2880 | D:4      | Noticed an ogre
  2893 | D:4      | Killed an ogre
  2894 | D:4      | Reached skill level 4 in Ice Magic
  2894 | D:4      | Reached skill level 3 in Transmutations
  2894 | D:4      | Reached XP level 6. HP: 38/38 MP: 5/9
  3023 | D:4      | Mangled by an ogre

Vanquished Creatures
  An ogre (D:4)
  An orc wizard (D:3)
  4 gnolls (D:3)
  3 adders
  An ufetubus (D:4)
  2 worms
  4 dart slugs (D:1)
  5 orcs
  5 ball pythons
  6 bats
  12 endoplasms
  2 giant cockroaches (D:1)
  8 goblins
  4 hobgoblins
  5 quokkas
  6 frilled lizards
  5 kobolds
  2 rats
76 creatures vanquished.

Table legend:
 A = Non-vault XP
 B = Vault XP
 C = Vault XP percentage of total XP
 D = Non-vault monster count
 E = Vault monster count
 F = Vault count percentage of total count
                 A         B        C        D         E       F
            +---------+---------+-------+---------+---------+-------
      Total |     378 |      14 |   3.6 |      72 |       4 |   5.3
            +---------+---------+-------+---------+---------+-------
        D:1 |      62 |       0 |   0.0 |      30 |       0 |   0.0
        D:2 |      40 |       0 |   0.0 |      18 |       0 |   0.0
        D:3 |     150 |       0 |   0.0 |      19 |       0 |   0.0
        D:4 |     126 |      14 |  10.0 |       5 |       4 |  44.4
            +---------+---------+-------+---------+---------+-------

Illustrated notes

Table legend:
 A = Kills in this place as a percentage of kills in entire the game.
 B = Kills by you in this place as a percentage of kills by you in the entire game.
 C = Kills by friends in this place as a percentage of kills by friends in the entire game.
 D = Other kills in this place as a percentage of other kills in the entire game.
 E = Experience gained in this place as a percentage of experience gained in the entire game.
 F = Experience gained in this place divided by the number of levels of this place that you have seen.
                   A       B       C       D       E      F
               +-------+-------+-------+-------+-------+----------------------
         Total | 100.0 | 100.0 |   N/A |   N/A | 100.0 |  98.0
       Dungeon | 100.0 | 100.0 |   N/A |   N/A | 100.0 |  98.0
               +-------+-------+-------+-------+-------+----------------------

Table legend: (Time is in decaauts)
 A = Elapsed time spent in this place.
 B = Non-inter-level travel time spent in this place.
 C = Inter-level travel time spent in this place.
 D = Time resting spent in this place.
 E = Time spent auto-exploring this place.
 F = Levels seen in this place.
 G = Mean time per level.
                   A        B        C        D        E       F      G
               +--------+--------+--------+--------+--------+-----+--------+
         Total |   3011 |   2962 |     49 |     12 |   2335 |   4 |  752.8 |
       Dungeon |   3011 |   2962 |     49 |     12 |   2335 |   4 |  752.8 |
               +--------+--------+--------+--------+--------+-----+--------+

Top non-repeatable levels by time:
     D:1: 1219 daAuts
     D:3: 896 daAuts
     D:2: 687 daAuts
     D:4: 208 daAuts
